 Dungeon Crawl Stone Soup version 0.29-a0-283-ga02f740833 (webtiles) character file.

Game seed: 2513402873246999726

41 drugrobin the Chopper (level 3, -13/30 HPs)
             Began as a Demigod Fighter on Mar 14, 2022.
             Mangled by an ogre
             ... wielding a +0 giant spiked club
              (23 damage)
             ... on level 2 of the Dungeon.
             The game lasted 00:02:49 (1516 turns).

drugrobin the Chopper (Demigod Fighter)             Turns: 1516, Time: 00:02:50

Health: -13/30     AC:  7    Str: 21    XL:     3   Next: 16%
Magic:  5/5        EV:  9    Int: 10    God:
Gold:   85         SH:  9    Dex: 13    Spells: 2/2 levels left

rFire   . . .      SeeInvis .   a - +0 broad axe
rCold   . . .      Faith    .   c - +0 buckler
rNeg    . . .      Spirit   .   e - +0 scale mail
rPois   .          Reflect  +   (no helmet)
rElec   .          Harm     .   k - +0 cloak
rCorr   +          Rampage  .   (no gloves)
Will    .....                   (no boots)
Stlth   ..........              h - amulet of reflection
HPRegen 0.10/turn               p - ring of resist corrosion
MPRegen 0.09/turn               (no ring)

@: no status effects
A: high MP 1, forlorn, divine attributes
a: no special abilities


You were on level 2 of the Dungeon.
You visited 1 branch of the dungeon, and saw 2 of its levels.

You collected 85 gold pieces.

Inventory:

Hand Weapons
 a - a +0 broad axe (weapon)
 b - a +0 hunting sling
 f - a +0 war axe
Armour
 c - a +0 buckler (worn)
 e - a +0 scale mail (worn)
 k - a +0 cloak (worn)
Jewellery
 h - an amulet of reflection (around neck)
 p - a ring of resist corrosion (left hand)
Scrolls
 i - a scroll of identify {unknown}
 m - a scroll of blinking {unknown}
 n - 2 scrolls of noise {unknown}
 o - a scroll of brand weapon {unknown}
Potions
 d - a potion of might
 g - a potion of cancellation {unknown}
 l - a potion of curing {unknown}


   Skills:
 - Level 2.6 Fighting
 + Level 3.4 Axes
 - Level 2.6 Armour
 - Level 2.6 Shields


You had 2 spell levels left.
You didn't know any spells.
Your spell library was empty.

Dungeon Overview and Level Annotations

Branches:
Dungeon (2/15)


Innate Abilities, Weirdness & Mutations

You have an increased reservoir of magic. (+10% MP)
You shall have no god before yourself.
Your divine heritage dramatically boosts your attributes as you level up.


Message History

There is a stone staircase leading down here.
An ogre comes into view. It is wielding a +0 giant spiked club.
Unknown command.
Okay, then.
There is an open door here.
There is a stone staircase leading up here.
Throw: 4 darts (poison)
Press: ? - help, Q - select action Shift-Dir - straight line, f - ogre
Aim: an ogre, wielding a +0 giant spiked club (73% to hit)
You throw a poisoned dart. The poisoned dart hits the ogre.
The ogre is poisoned.
Unknown command.
Throw: 3 darts (poison)
Press: ? - help, Q - select action Shift-Dir - straight line, f/p - ogre
Aim: an ogre, wielding a +0 giant spiked club (poisoned, 73% to hit)
You throw a poisoned dart. The poisoned dart hits the ogre.
The ogre looks even sicker.
Unknown command.
Throw: 2 darts (poison)
Press: ? - help, Q - select action Shift-Dir - straight line, f/p - ogre
Aim: an ogre, wielding a +0 giant spiked club (very poisoned, 73% to hit)
You throw a poisoned dart. The poisoned dart hits the ogre.
The ogre looks even sicker.
Unknown command.
Throw: dart (poison)
Press: ? - help, Q - select action Shift-Dir - straight line, f/p - ogre
Aim: an ogre, wielding a +0 giant spiked club (very poisoned, 73% to hit)
You throw a poisoned dart.
The poisoned dart barely misses the ogre.
Unknown command.
You hit the ogre.
The ogre is moderately wounded.
The ogre hits you with a +0 giant spiked club!!
Ouch! That really hurt!
Unknown command.
Unknown command.
The ogre attacks as you move away!
The ogre hits you with a +0 giant spiked club!!
Ouch! That really hurt!
You die...

###.#............##.#
#.####.#######.##.## ###.#
#.# #.##..# ....# #.#
#.###.# ..#.####.#### #.#
#.## ............# ##.###..#
#.# .........##.# #...###.#
#.# #.#.#######.# #...# #.##
#.# #.#.#######.# #.@.###..#
#.# ............# #.O......#
#.#
#.#.#######.####.#.....###.#
#.#.# ###....<..(..(##.#.#
#.#.# #........(..##.#.#
#.#.##### #..............#.#
#.#.....# #..........#.###.#
#.#.....# #.....######.# #.#
#.#.....# #.....# #.###.#


You could see an ogre (very poisoned).

Vanquished Creatures
  An adder (D:2)
  A dart slug (D:1)
  3 endoplasms (D:1)
  2 hobgoblins
  4 jackals (D:1)
  3 quokkas (D:1)
  2 ball pythons (D:1)
  2 bats
  3 frilled lizards (D:1)
  2 goblins (D:1)
  4 kobolds
  A rat (D:2)
28 creatures vanquished.

Notes
Turn   | Place    | Note
-------+----------+-------------------------------------------
     0 | D:1      | drugrobin the Demigod Fighter began the quest for the Orb.
     0 | D:1      | Reached XP level 1. HP: 18/18 MP: 3/3
    38 | D:1      | Reached skill level 2 in Axes
   160 | D:1      | Reached XP level 2. HP: 12/25 MP: 4/4
   453 | D:1      | Reached skill level 3 in Axes
  1101 | D:2      | Reached XP level 3. HP: 24/30 MP: 5/5
  1476 | D:2      | Noticed an ogre
  1516 | D:2      | Mangled by an ogre

Illustrated notes

Levels and vault maps discovered:
D:1:      kennysheep_arrival_seaside, layout_basic,
          hellmonk_ecumenical_altar_slurped_away
D:2:      layout_basic, uniq_natasha

Skill      XL: |  1  2 |
---------------+-------+-----
Axes           | 2 3 |  3.4
Fighting       | |  2.6
Armour         | |  2.6
Shields        | |  2.6

Action                   || total
-------------------------++-------
Melee: Broad axe         ||    57
       War axe           ||     4
 Fire: Hunting sling     ||     5
Throw: Dart              ||     6
Armor: Scale mail        ||    38
Dodge: Dodged            ||    20
Block: Buckler           ||    10

Table legend: (Time is in decaauts)
 A = Elapsed time spent in this place.
 B = Non-inter-level travel time spent in this place.
 C = Inter-level travel time spent in this place.
 D = Time resting spent in this place.
 E = Time spent auto-exploring this place.
 F = Levels seen in this place.
 G = Mean time per level.
                   A        B        C        D        E       F      G
               +--------+--------+--------+--------+--------+-----+--------+
         Total |   1549 |   1502 |     47 |    257 |    910 |   2 |  774.5 |
       Dungeon |   1549 |   1502 |     47 |    257 |    910 |   2 |  774.5 |
               +--------+--------+--------+--------+--------+-----+--------+

Top non-repeatable levels by time:
     D:1: 1122 daAuts
     D:2: 426 daAuts
